 Dungeon Crawl Stone Soup version 0.29.1-15-g9cfb28693d (webtiles) character file.

Game seed: 2374806761886102257

51 QwertyIsDirtey123 the Ruffian (level 3, -1/36 HPs)
             Began as a Troll Berserker on Apr 5, 2023.
             Was a Follower of Trog.
             Slain by an adder (3 damage)
             ... on level 3 of the Dungeon.
             The game lasted 00:06:11 (1176 turns).

QwertyIsDirtey123 the Ruffian (Troll Berserker)     Turns: 1176, Time: 00:06:13

Health: -1/36      AC:  2    Str: 27    XL:     3   Next: 57%
Magic:  2/2        EV: 10    Int:  3    God:    Trog [*.....]
Gold:   26         SH:  0    Dex:  9    Spells: 2/2 levels left

rFire   . . .      SeeInvis .   g - +1 mace (holy)
rCold   . . .      Faith    .   (no shield)
rNeg    . . .      Spirit   .   (body armour restricted)
rPois   .          Reflect  .   (helmet restricted)
rElec   .          Harm     .   (no cloak)
rCorr   .          Rampage  .   (gloves unavailable)
Will    +....                   (boots unavailable)
Stlth   +.........              c - amulet of regeneration
HPRegen 1.72/turn               e - ring of willpower
MPRegen 0.08/turn               (no ring)

@: lethally poisoned (-1 -> -2)
A: large, unfitting armour, claws 3, regeneration 1, shaggy fur 1, tough skin 1
a: Renounce Religion, Berserk


You were on level 3 of the Dungeon.
You worshipped Trog.
Trog was aware of your devotion.
You visited 1 branch of the dungeon, and saw 3 of its levels.

You collected 26 gold pieces.

Inventory:

Hand Weapons
 a - a +1 dagger of speed
 g - a +1 mace of holy wrath (weapon)
Jewellery
 c - an amulet of regeneration (around neck)
 e - a ring of willpower (left claw)
Scrolls
 b - a scroll of enchant armour {unknown}
 d - a scroll of magic mapping {unknown}
 f - a scroll of noise {unknown}


   Skills:
 + Level 2.6 Fighting
 + Level 0.1 Axes
 + Level 3.2 Dodging
 + Level 0.1 Stealth
 + Level 3.5 Unarmed Combat


You had 2 spell levels left.
You didn't know any spells.
Your spell library contained the following spells:

 Spells                   Type           Power      Damage    Failure   Level
 Sublimation of Blood     Necr           0%         N/A       67%         2
 Wereblood                Tmut           0%         N/A       67%         2
 Summon Hydra             Summ           0%         N/A       100%        7


Dungeon Overview and Level Annotations

Branches:
Dungeon (3/15)

Altars:
Ashenzari
Cheibriados


Innate Abilities, Weirdness & Mutations

You are too large for most types of armour.
You have claws for hands.
Your natural rate of healing is unusually fast.
You are covered in fur. (AC +1)
You have tough skin. (AC +1)


Message History

You miss the adder.
You feel sick. The adder bites you.
The kobold throws a stone.
The stone closely misses you. The adder closely misses you.
The goblin hits you with a +0 dagger.
The kobold throws a stone.
The stone hits you.
You miss the adder.
You feel sick. The adder bites you. The goblin hits you but does no damage.
The adder closely misses you. The ball python bites you.
You closely miss the adder.
You feel sick.
You are no longer poisoned.
The adder bites you.
You are poisoned.
The adder poisons you! The goblin hits you with a +0 dagger.
The ball python bites you. The adder misses you.
You closely miss the adder. Your claw misses the adder.
You feel sick. The ball python closely misses you.
The goblin closely misses you. The adder bites you.
The ball python closely misses you. The goblin hits you with a +0 dagger.
You miss the adder.
You feel sick. The adder barely misses you. The ball python misses you.
The adder bites you.
You are more poisoned.
The adder poisons you! The goblin hits you with a +0 dagger.
The ball python bites you.
You completely miss the adder.
You feel very sick. The adder bites you.
* * * LOW HITPOINT WARNING * * *
You are more poisoned.
The adder poisons you! The goblin closely misses you.
The ball python closely misses you. The adder bites you.
* * * LOW HITPOINT WARNING * * *
You are more poisoned.
The adder poisons you! The goblin barely misses you.
You barely miss the adder.
You feel very sick.
The ball python bites you but does no damage.
The adder bites you.
* * * LOW HITPOINT WARNING * * *
The ball python barely misses you. The goblin closely misses you.
The adder bites you.
You die...

....#.....#
#.##
##.......#.#
## l.###.####
g.# #. ....
..# #. #####
.... 8. .....
##.#.#
##.....#.
#@S......
#Sg....?.
#..K..!...#
#......?...
...........#
..#.........#
#.##......#.##
#. #.#........
. ..##.......


You could see an adder, a goblin, a ball python and a kobold.

Vanquished Creatures
  2 adders (D:2)
  2 worms (D:2)
  An orc (D:3)
  A ball python (D:2)
  2 endoplasms
  2 giant cockroaches
  3 goblins (D:2)
  2 hobgoblins
  A quokka (D:1)
  5 bats
  A kobold (D:1)
  3 rats
25 creatures vanquished.

Notes
Turn   | Place    | Note
-------+----------+-------------------------------------------
     0 | D:1      | QwertyIsDirtey123 the Troll Berserker began the quest for
                  | the Orb.
     0 | D:1      | Reached XP level 1. HP: 22/22 MP: 0/0
   640 | D:2      | Found a broken altar of Ashenzari.
   653 | D:2      | Reached XP level 2. HP: 29/29 MP: 1/1
   936 | D:2      | Reached XP level 3. HP: 24/36 MP: 0/2
  1158 | D:3      | Found a snail-covered altar of Cheibriados.
  1176 | D:3      | Slain by an adder

Illustrated notes

Levels and vault maps discovered:
D:1:      dpeg_arrival_signposts, layout_loops_ring, chequers_decorated_corner
D:2:      layout_loops_ring, basic_altar, minmay_pentomino_s4
D:3:      layout_loops_cross, mainiacjoe_overflow_alcove_4,
          hellmonk_ecumenical_altar_arch_garden

Skill      XL: |  1  2  3 |
---------------+----------+-----
Dodging        | 3 |  3.2
Fighting       | |  2.6
Axes           | |  0.1
Stealth        | |  0.1
Unarmed Combat | |  3.5

Action                   || total
-------------------------++-------
Melee: Unarmed           ||    27
       Punch             ||     2
       War axe           ||    31
       Dagger            ||    17
       Mace              ||    12
Armor: Animal skin       ||    25
       Skin              ||    33
Dodge: Dodged            ||    97
